 Dungeon Sprint DCSS version 0.29.0-10-g45618ea6d2 (webtiles) character file.

Game seed: 16393143090751513103

2444 NinjaNoafa the Brawler (level 9, -7/96 HPs)
             Began as a Troll Fighter on Sept 1, 2022.
             Was a Believer of Ru.
             Mangled by a komodo dragon (shapeshifter) (25 damage)
             ... in the Dungeon (Sprint V: "Ziggurat Sprint").
             The game lasted 00:05:41 (357 turns).

NinjaNoafa the Brawler (Troll Fighter)               Turns: 357, Time: 00:05:41

Health: -7/96      AC: 18    Str: 33    XL:     9   Next: 25%
Magic:  18/18      EV:  4    Int:  9    God:    Ru [**....]
Gold:   0          SH: 30    Dex: 25    Spells: 8/8 levels left

rFire   x . .      SeeInvis .     - Unarmed
rCold   x . .      Faith    .   C - +18 shield of the Gong {rElec rN+ Will+ EV-5}
rNeg    + . .      Spirit   .   n - +1 storm dragon scales of the Flute {rElec Str+7 Stlth+}
rPois   .          Reflect  .   a - +3 hat of Pondering {ponderous, Will+ MP+10 Int+5}
rElec   +          Harm     .   (no cloak)
rCorr   .          Rampage  .   (gloves unavailable)
Will    ++...      NoTele   +   (boots unavailable)
Stlth   ..........              (no amulet)
HPRegen 1.06/turn               k - +6 ring of dexterity
MPRegen 0.16/turn               l - +6 ring of dexterity

@: slow
A: large, unfitting armour, claws 3, regeneration 1, shaggy fur 1, tough skin 1,
temperature sensitive
a: Renounce Religion


You were in the Dungeon.
You worshipped Ru.
Ru was pleased with you.
You visited 1 branch

Inventory:

Armour
 a - the +3 hat of Pondering (worn) {ponderous, Will+ MP+10 Int+5}
   (You found it in the Dungeon)

   Int:       It affects your intelligence (+5).
   MP:        It affects your magic capacity (+10).
   Will:      It increases your willpower.
 n - the +1 storm dragon scales of the Flute (worn) {rElec Str+7 Stlth+}
   (You found it in the Dungeon)

   Str:       It affects your strength (+7).
   rElec:     It insulates you from electricity.
   Stlth:     It makes you more stealthy.
 C - the +18 shield of the Gong (worn) {rElec rN+ Will+ EV-5}
   (You found it in the Dungeon)

   It is deafeningly noisy when blocking attacks.
   EV:        It affects your evasion (-5).
   rElec:     It insulates you from electricity.
   rN:        It protects you from negative energy.
   Will:      It increases your willpower.
Jewellery
 k - a +6 ring of dexterity (left claw)
 l - a +6 ring of dexterity (right claw)
Wands
 q - a wand of mindburst (7)
 r - a wand of iceblast (7)
 s - a wand of light (7)
Scrolls
 b - a scroll of brand weapon
 i - 4 scrolls of blinking
 m - 4 scrolls of enchant weapon
 x - 4 scrolls of amnesia
 y - 7 scrolls of butterflies
 z - 5 scrolls of identify
 A - 2 scrolls of fear
Potions
 c - 5 potions of might
 d - 10 potions of curing
 e - 10 potions of heal wounds
 f - 6 potions of haste
 g - 7 potions of magic
 h - 3 potions of berserk rage
 t - 2 potions of brilliance
 u - 2 potions of invisibility
 v - 4 potions of resistance
Miscellaneous
 j - a piece from Xom's chessboard (14/15)
 D - a lightning rod (3/4)


   Skills:
 + Level 7.9 Fighting
 + Level 6.5 Armour
 - Level 5.0 Dodging
 + Level 8.1 Shields
 - Level 15.0 Unarmed Combat


You had 8 spell levels left.
You didn't know any spells.
Your spell library contained the following spells:

 Spells                   Type           Power      Damage    Failure   Level
 Shock                    Conj/Air       0%         1d3       97%         1
 Passwall                 Tmut/Erth      0%         N/A       99%         2
 Swiftness                Air            0%         N/A       100%        3
 Airstrike                Air            0%         2d(0-16)  100%        4
 Lehudib's Crystal Spear  Conj/Erth      0%         10d2      100%        8
 Chain Lightning          Conj/Air       0%         N/A       100%        9


Dungeon Overview and Level Annotations

Branches:
Dungeon (1/1)

Altars:
Ashenzari
Cheibriados
Dithmenos
Elyvilon
Fedhas
Gozag
Hepliaklqana
Kikubaaqudgha
Makhleb
Nemelex Xobeh
Okawaru
Qazlal
Ru
Sif Muna
Trog
Uskayaw
Vehumet
Wu Jian
Xom
Yredelemnul
Zin
The Shining One
Jiyva
Lugonu

Annotations:
D 1 transporter


Innate Abilities, Weirdness & Mutations

You are too large for most types of armour.
You have claws for hands.
Your natural rate of healing is unusually fast.
You are covered in fur. (AC +1)
You have tough skin. (AC +1)
You are sensitive to extremes of temperature. (rF-, rC-)


Message History

You see here the +10 morningstar "Ruschank" {freeze, Str+4}.
There is a transporter here.
Welcome to arena 6.
You enter the transporter and appear at another place.
A sun demon, a quasit, an adder simulacrum, a small abomination, a komodo dragon and a white imp come into view.
The quasit gives a chilling moan.
The komodo dragon hisses angrily.
The white imp shouts, "Tremble, thou artless flap-mouthed swadder!"
Found six items.
Found a transporter.
Okay, then.
You barely miss the komodo dragon. You block the komodo dragon's attack.
GONNNNG!
You claw the komodo dragon!
The komodo dragon is moderately wounded.
You block the komodo dragon's attack.
GONNNNG!
You claw the komodo dragon!
The komodo dragon is severely wounded.
You block the small abomination's attack.
GONNNNG!
The sun demon hits you!
You are engulfed in flames!
The fire burns you terribly! You block the komodo dragon's attack.
SHROANNG!
You make a move on Xom's chessboard...
The white imp twists and deforms.
You block the small abomination's attack.
PTOANNNG!
You block the sun demon's attack.
BONNNG!
The komodo dragon bites you!
You scratch the white imp.
The white imp is moderately wounded.
The sun demon hits you.
You are engulfed in flames!!
The fire burns you terribly!
* * * LOW HITPOINT WARNING * * *
You block the small abomination's attack.
GONNNNG!
You block the white imp's attack.
PANG!
The komodo dragon bites you!!
You die...

▓...©....▓...©....▓
▓▓▓▓▓▓▓▓▓▓▓▓▓▓▓▓▓▓▓
▓..8©8..▓ ▓..|)[..▓
▓..}}!..▓ ▓.......▓
▓...5...▓ ▓..xl3..▓
▓..Z@5..▓ ▓.▓...▓.▓
▓...©...▓ ▓▓▓▓▓▓▓▓▓


You could see a sun demon, a komodo dragon, a small abomination, a quasit, a
white imp (misshapen) and an adder simulacrum.

Vanquished Creatures
  A white draconian (D)
  2 draconians (D)
  A tarantella (D)
  A jumping spider (D)
  A wyvern (shapeshifter) (D)
  A fire bat (D)
  A boggart (shapeshifter) (D)
  A centaur (shapeshifter) (D)
  A bullfrog (shapeshifter) (D)
  A crimson imp (D)
  A quasit (D)
  An iron imp (D)
  2 mummies (D)
  A shadow imp (D)
  An adder zombie (D)
  A ball python skeleton (D)
18 creatures vanquished.

Notes
Turn   | Place    | Note
-------+----------+-------------------------------------------
     0 | D        | NinjaNoafa the Troll Fighter began the quest for the Orb.
     0 | D        | Reached XP level 1. HP: 22/22 MP: 0/0
     0 | D        | Found a blossoming altar of Fedhas.
     0 | D        | Found the +6 Majin-Bo {vamp, MP+6 Int+6}
     0 | D        | Found the +9 heavy crossbow "Sniper" {vorpal, Acc+∞ SInv}
     0 | D        | Found the +10 dark maul {vorpal}
     0 | D        | Found the +15 Maxwell's patent armour {-Cast -Tele rElec
                  | Will+ rCorr}
     0 | D        | Found the +18 shield of the Gong {rElec rN+ Will+ EV-5}
     0 | D        | Found the +14 obsidian axe {vorpal, Mesm Drain Fly SInv}
     0 | D        | Found the +7 great mace "Firestarter" {inner flame, rF++}
     0 | D        | Found the +6 shillelagh "Devastator" {shatter}
     0 | D        | Found the +11 plutonium sword {Contam Stlth-}
     0 | D        | Found the +8 lance "Wyrmbane" {slay drac, rPois rF+ rC+
                  | AC+3}
     0 | D        | Found the +9 sword of Zonguldrok {reap}
     0 | D        | Found the +13 scythe of Curses {drain, Drain}
     0 | D        | Found the +5 sword of Power {vorpal}
     0 | D        | Found the +7 mace of Variability {chain chaos}
     0 | D        | Found the +7 Singing Sword {vorpal, sonic wave}
     0 | D        | Found the +8 storm bow {elec, penet}
     1 | D        | Found a transporter.
     1 | D        | Found a viscous altar of Jiyva.
     1 | D        | Found an ancient bone altar of Kikubaaqudgha.
     1 | D        | Found a hazy altar of Hepliaklqana.
     1 | D        | Found a corrupted altar of Lugonu.
     1 | D        | Found an opulent altar of Gozag.
     1 | D        | Found a burning altar of Makhleb.
     4 | D        | Found a stormy altar of Qazlal.
     4 | D        | Found an iron altar of Okawaru.
     4 | D        | Found a sacrificial altar of Ru.
     4 | D        | Found a sparkling altar of Nemelex Xobeh.
     4 | D        | Found a shimmering blue altar of Sif Muna.
     4 | D        | Found a bloodstained altar of Trog.
   192 | D        | Became a worshipper of Ru the Awakened
   200 | D        | Entered arena 2.
   200 | D        | Found the +3 hat of Pondering {ponderous, Will+ MP+10
                  | Int+5}
   200 | D        | Noticed a tarantella
   200 | D        | Noticed a jumping spider
   200 | D        | Found a transporter.
   202 | D        | Reached skill level 4 in Unarmed Combat
   202 | D        | Reached XP level 2. HP: 30/32 MP: 1/1
   203 | D        | Killed a tarantella
   204 | D        | Reached skill level 5 in Dodging
   204 | D        | Reached skill level 5 in Shields
   204 | D        | Reached skill level 6 in Unarmed Combat
   204 | D        | Reached XP level 3. HP: 39/46 MP: 2/2
   204 | D        | Reached XP level 4. HP: 47/55 MP: 3/3
   204 | D        | Reached XP level 5. HP: 52/62 MP: 4/4
   222 | D        | Killed a jumping spider
   223 | D        | Reached skill level 10 in Unarmed Combat
   223 | D        | Reached XP level 6. HP: 56/71 MP: 5/5
   237 | D        | Entered arena 3.
   237 | D        | Noticed a draconian
   237 | D        | Noticed a draconian
   237 | D        | Noticed a white draconian
   237 | D        | Found a transporter.
   246 | D        | Killed a white draconian
   247 | D        | Reached skill level 11 in Unarmed Combat
   247 | D        | Reached skill level 14 in Unarmed Combat
   247 | D        | Reached XP level 7. HP: 69/78 MP: 6/6
   247 | D        | Reached XP level 8. HP: 77/87 MP: 7/7
   248 | D        | Killed a draconian
   249 | D        | Reached skill level 15 in Unarmed Combat
   249 | D        | Reached skill level 1 in Armour
   252 | D        | Killed a draconian
   253 | D        | Reached skill level 5 in Armour
   270 | D        | Entered arena 4.
   270 | D        | Found a transporter.
   282 | D        | Gained mutation: You are sensitive to extremes of
                  | temperature. (rF-, rC-) [Ru sacrifice]
   282 | D        | Reached * piety under Ru
   282 | D        | Reached ** piety under Ru
   288 | D        | Got the +1 storm dragon scales of the Flute {rElec Str+7
                  | Stlth+}
   307 | D        | Entered arena 5.
   307 | D        | Found a transporter.
   313 | D        | Reached XP level 9. HP: 93/93 MP: 8/8
   331 | D        | Entered arena 6.
   331 | D        | Found a transporter.
   347 | D        | Got the Compendium of Atmospheric Grit
   350 | D        | Entered arena 7.
   350 | D        | Found the +3 giant club "Skullcrusher" {speed, Str+7}
   350 | D        | Noticed a sun demon
   350 | D        | Noticed a komodo dragon
   351 | D        | Found a transporter.
   357 | D        | Mangled by a komodo dragon (shapeshifter)

Illustrated notes

Levels and vault maps discovered:
D:        sprint_v [room_start, room_1, room_2, room_3, room_4, room_5, room_6,
          room_7, room_8, room_9, room_10, room_11, room_12, room_13, room_14,
          room_15, room_16, room_17, room_18, room_19, room_20, room_21,
          room_22, room_23, room_24, room_25, room_26, room_27]

Skill      XL: |  1  2  3  4  5  6  7  8  9 |
---------------+----------------------------+-----
Fighting       | 3 7 |  7.9
Dodging        | 3 5 |  5.0
Shields        | 4 5 7 8 |  8.1
Unarmed Combat | 4 6 10 14 15 | 15.0
Armour         | 5 6 |  6.5

Action                   |  1- 3 |  4- 6 |  7- 9 || total
-------------------------+-------+-------+-------++-------
Melee: Unarmed           |     2 |    14 |    24 ||    40
Invok: Sacrifice Resista |       |       |     1 ||     1
Evoke: Lightning rod     |       |       |     3 ||     3
       Piece from Xom's  |       |       |     1 ||     1
  Use: Potion            |     1 |     1 |       ||     2
Armor: Ice dragon scales |     2 |     5 |     1 ||     8
       Storm dragon scal |       |       |     2 ||     2
Dodge: Dodged            |     1 |       |     4 ||     5
Block: Kite shield       |     6 |    26 |    43 ||    75
